 Dungeon Crawl Stone Soup version 0.32-a0-859-gb0a091d592 (webtiles) character file.

Game seed: 15446546889058842260

126 hikkokomori the Chopper (level 4, 0/40 HPs)
             Began as a Mountain Dwarf Reaver on Mar 27, 2024.
             Slain by a gnoll
             ... wielding a +0 spear
             ... led by a gnoll bouda
              (4 damage)
             ... on level 4 of the Dungeon.
             The game lasted 00:05:30 (1907 turns).

hikkokomori the Chopper (Mountain Dwarf Reaver)     Turns: 1907, Time: 00:05:31

Health: 0/40       AC:  3    Str: 16    XL:     4   Next: 83%
Magic:  7/7        EV: 10    Int: 14    God:
Gold:   55         SH:  0    Dex:  8    Spells: 4/7 levels left

rFire   . . .        a - +0 hand axe
rCold   . . .        (no shield)
rNeg    . . .        b - +0 leather armour
rPois   .            (no helmet)
rElec   .            (no cloak)
rCorr   .            (no gloves)
SInv    .            (no boots)
Will    .....        (no amulet)
Stlth   +            (no ring)
HPRegen 0.26/turn    (no ring)
MPRegen 0.10/turn

%: no passive effects
@: about to teleport
A: runic magic, artefact enchanting
a: no special abilities


You were on level 4 of the Dungeon.
You visited 2 branches of the dungeon, and saw 5 of its levels.

You collected 105 gold pieces.
You spent 50 gold pieces at shops.

Inventory:

Hand Weapons
 a - a +0 hand axe (weapon)
Armour
 b - a +0 leather armour (worn)
Scrolls
 d - a scroll of immolation {unknown}
 h - a scroll of teleportation
 i - a scroll of enchant weapon {unknown}
 j - a scroll of fog {unknown}
 k - a scroll of poison {unknown}
 l - 2 scrolls of identify
 m - a scroll of revelation {unknown}
 n - a scroll of blinking {unknown}
Potions
 e - a potion of ambrosia
 f - a potion of lignification
 g - a potion of brilliance


   Skills:
 + Level 3.8 Fighting
 + Level 5.0 Axes
 - Level 1.3 Dodging
 - Level 2.0 Spellcasting
 - Level 3.0 Conjurations
 - Level 1.0 Translocations


You had 4 spell levels left.
You knew the following spells:

 Your Spells              Type           Power      Damage    Failure   Level
a - Kiss of Death         Conj/Necr      20%        2d7       13%         1
b - Momentum Strike       Conj/Tloc      14%        3d8       16%         2

Your spell library contained the following spells:

 Spells                   Type           Power      Damage    Failure   Level
 Hailstorm                Conj/Ice       5%         3d5       36%         3


Dungeon Overview and Level Annotations

Branches:
Dungeon (4/15)             Temple (1/1) D:4

Altars:
Ashenzari
Cheibriados
Elyvilon
Hepliaklqana
Kikubaaqudgha
Okawaru
Ru
Sif Muna
Trog
Uskayaw
Vehumet
Xom
The Shining One

Shops:
D:1 ?   D:2 ?


Innate Abilities, Weirdness & Mutations

Your spellcasting is much less encumbered by armour.
You can use scrolls of enchantment on lesser artefacts.


Message History

The gnoll hits you from afar with a +0 spear.
Unknown command.
Unknown command.
Unknown command.
Unknown command.
You closely miss the gnoll.
The gnoll is almost dead.
You hit the gnoll. The gnoll hits you with a +0 whip.
The gnoll hits you with a +0 club.
The gnoll hits you from afar with a +0 spear.
Unknown command.
Unknown command.
Unknown command.
Unknown command.
Unknown command.
You closely miss the gnoll.
The gnoll is almost dead.
You barely miss the gnoll. The gnoll hits you but does no damage.
The gnoll hits you with a +0 club.
The gnoll hits you from afar with a +0 spear.
* * * LOW HITPOINT WARNING * * *
Unknown command.
Unknown command.
Unknown command.
Unknown command.
As you read the scroll of teleportation, it crumbles to dust.
You feel strangely unstable. The gnoll hits you with a +0 whip.
* * * LOW HITPOINT WARNING * * *
The gnoll hits you with a +0 club.
* * * LOW HITPOINT WARNING * * *
The gnoll barely misses you.
Unknown command.
You feel better. The gnoll barely misses you.
The gnoll hits you with a +0 club.
* * * LOW HITPOINT WARNING * * *
The gnoll hits you from afar with a +0 spear!
* * * LOW HITPOINT WARNING * * *
The gnoll attacks as it pursues you!
The gnoll hits you from afar with a +0 spear.
You die...

#...###...#....#..#.
#... #....###.#....
#.... ##.##..........
#.).###..........#.##
#..##....####†.......
... .....####.#......
>..#.#.......#....#.
..##..#..........#...
.......@g......### #.
.....##.gg(..^######
...................#
..#####.##########.#
#..# .g #.## #.# #. #
#. ..


You could see 3 gnolls.

Vanquished Creatures
  A bombardier beetle (D:4)
  A jelly (Temple)
  3 adders
  2 dart slugs
  A ribbon worm (D:2)
  4 bats
  An endoplasm (D:2)
  3 giant cockroaches
  A goblin (D:2)
  2 hobgoblins (D:1)
  4 quokkas
  3 ball pythons
  A frilled lizard (D:2)
  4 kobolds
  A rat (D:1)
32 creatures vanquished.

Notes
Turn   | Place    | Note
-------+----------+-------------------------------------------
     0 | D:1      | hikkokomori the Mountain Dwarf Reaver began the quest for
                  | the Orb.
     0 | D:1      | Reached XP level 1. HP: 17/17 MP: 3/3
   388 | D:1      | Reached XP level 2. HP: 25/25 MP: 4/4
   399 | D:1      | Found a faded altar of an unknown god.
   564 | D:1      | Found Ompys's Magic Scroll Emporium.
   680 | D:1      | Bought a scroll of teleportation for 30 gold pieces
   680 | D:1      | Bought a scroll of identify for 20 gold pieces
   729 | D:2      | Learned a level 2 spell: Momentum Strike
   837 | D:2      | Found Deloav's Magic Scroll Emporium.
   916 | D:2      | Reached skill level 4 in Axes
  1345 | D:2      | Reached XP level 3. HP: 14/30 MP: 6/6
  1576 | D:3      | You fall into a shaft and drop 1 floor!
  1576 | D:4      | Found a staircase to the Ecumenical Temple.
  1591 | Temple   | Entered the Ecumenical Temple
  1595 | Temple   | Reached skill level 1 in Translocations
  1595 | Temple   | Reached XP level 4. HP: 25/36 MP: 4/7
  1683 | D:4      | Reached skill level 5 in Axes
  1907 | D:4      | Slain by a gnoll

Illustrated notes

Levels and vault maps discovered:
D:1:      minmay_arrival_cross, layout_rooms, serial_shops,
          nicolae_shop_rolled_up, basic_ecumenical_altar
D:2:      layout_basic, serial_shops, nicolae_shop_waterfront
D:3:      layout_basic
D:4:      layout_rooms, temple_statues
Temple:   compressed_dpeg_triangle_lava_temple

Skill      XL: |  1  2  3  4 |
---------------+-------------+-----
Spellcasting   | 2 |  2.0
Axes           | 4 5 |  5.0
Conjurations   | 3 |  3.0
Fighting       | 3 |  3.8
Translocations | 1 |  1.0
Dodging        | |  1.3

Action                     |  1- 3 |  4- 6 || total
---------------------------+-------+-------++-------
  Melee: Hand axe          |   101 |    22 ||   123
   Cast: Momentum Strike   |     4 |     3 ||     7
         Kiss of Death     |     1 |       ||     1
    Use: Scroll            |     3 |     1 ||     4
         Potion            |       |     2 ||     2
 Armour: Leather armour    |    64 |    29 ||    93
  Dodge: Dodged            |    55 |    16 ||    71

Table legend: (Time is in decaauts)
 A = Elapsed time spent in this place.
 B = Non-inter-level travel time spent in this place.
 C = Inter-level travel time spent in this place.
 D = Time resting spent in this place.
 E = Time spent auto-exploring this place.
 F = Levels seen in this place.
 G = Mean time per level.
                   A        B        C        D        E       F      G
               +--------+--------+--------+--------+--------+-----+--------+
         Total |   1919 |   1816 |    103 |      6 |   1487 |   5 |  383.8 |
       Dungeon |   1888 |   1799 |     89 |      6 |   1487 |   4 |  472.0 |
        Temple |     30 |     16 |     14 |      0 |      0 |   1 |   30.0 |
               +--------+--------+--------+--------+--------+-----+--------+

Top non-repeatable levels by time:
     D:2: 797 daAuts
     D:1: 718 daAuts
     D:4: 302 daAuts
     D:3: 70 daAuts
  Temple: 30 daAuts
